Map: 2000 Atmospheres LE

Players

Emokills

  • Race: Zerg Zerg
  • League: Master
  • Spawn Location: 3:00

Warthog - Winner!

  • Race: Terran Terran
  • League: Diamond
  • Spawn Location: 7:00

VOD

Have the link to the VOD?

Description

Time

  • Played on: Dec. 7, 2021, 9:27 p.m.
  • Length: 18:05
Show
View Real Time Build Order
Export as new Build Order

Emokills Zerg 

Build Orders: Hatch First 

Get SALT Encoding   

  12  0:01  Drone  
  13  0:08  Drone  
  14  0:19  Overlord  
  14  0:24  Drone, Extractor  
  15  0:38  Drone x2  
  17  0:50  Drone  
  18  0:58  Drone  
  19  1:06  Hatchery  
  19  1:08  Drone  
  19  1:21  Drone  
  19  1:22  Spawning Pool  
  19  1:31  Extractor  
  19  1:32  Drone  
  19  1:39  Drone  
  20  1:49  Drone  
  21  2:00  Overlord  
  21  2:17  Queen x2  
  21  2:18  Zergling x4  
  21  2:22  Zergling x2  
  28  2:35  Spore Crawler  
  27  2:47  Drone x4  
  31  2:52  Overlord  
  31  2:57  Drone  
  32  3:00  Drone  
  33  3:08  Drone, Roach Warren  
  33  3:12  Drone  
  34  3:14  Drone  
  35  3:29  Overlord  
  35  3:30  Overlord  
  35  3:48  Roach x7  
  49  3:58  Hatchery  
  49  4:02  Drone x2  
  50  4:03  Metabolic Boost, Drone x3  
  53  4:18  Drone x2  
  53  4:22  Overlord  
  55  4:27  Drone x3  
  55  4:29  Drone  
  55  4:30  Drone  
  60  4:35  Evolution Chamber  
  60  4:38  Drone, Evolution Chamber  
  59  4:57  Drone  
  59  4:58  Drone x7  
  67  5:01  Zerg Ground Armor Level 1  
  67  5:02  Extractor x2  
  63  5:13  Drone  
  62  5:15  Zerg Melee Weapons Level 1  
  58  5:30  Zergling x18  
  58  5:31  Zergling x4, Queen  
  58  5:33  Queen  
  58  5:34  Queen  
  66  5:37  Overlord  
  66  5:39  Overlord  
  66  5:46  Overlord x2  
  65  6:00  Zergling x10  
  65  6:03  Zergling x4  
  67  6:14  Zergling x2  
  67  6:15  Zergling x12  
  61  6:20  Zergling x2  
  61  6:30  Zergling x2  
  59  6:36  Drone  
  58  6:47  Lair  
  56  7:14  Zergling x4  
  56  7:15  Zergling x14  
  59  7:28  Zergling x10  
  59  7:29  Zergling x4  
  61  7:39  Drone  
  61  7:43  Zergling x2  
  61  7:44  Zergling x2  
  64  7:46  Zerg Melee Weapons Level 2, Zerg Ground Armor Level 2  
  64  7:51  Baneling Nest  
  62  7:52  Zergling x2  
  62  7:56  Drone x2  
  62  7:58  Drone  
  63  7:59  Drone  
  64  8:11  Drone x10  
  74  8:16  Extractor  
  74  8:18  Drone x3  
  76  8:20  Queen  
  76  8:21  Queen x2  
  82  8:31  Drone x3  
  85  8:35  Drone x2  
  85  8:36  Centrifugal Hooks  
  85  8:37  Drone x3  
  85  8:38  Overlord  
  85  8:39  Overlord x3  
  85  8:40  Overlord  
  90  8:47  Overlord  
  90  8:52  Overlord  
  90  8:54  Baneling  
  90  8:55  Baneling x11  
  90  9:02  Zergling x12  
  93  9:10  Zergling x14  
  99  9:25  Zergling x6  
  99  9:30  Zergling x2  
  99  9:31  Zergling x6  
  105  9:37  Zergling x2  
  105  9:38  Zergling x12  
  111  9:45  Zergling x2  
  111  9:46  Zergling x2  
  111  9:50  Extractor  
  111  9:51  Hatchery  
  111  9:52  Zergling x2, Spire  
  110  9:53  Zergling x2, Extractor  
  110  9:57  Zergling x2  
  111  10:07  Overlord  
  111  10:12  Zergling x2, Infestation Pit  
  111  10:13  Zergling x14  
  118  10:19  Drone x2  
  118  10:36  Zergling x22  
  118  10:41  Overlord  
  129  10:46  Overlord  
  129  10:47  Overlord  
  129  10:51  Hive  
  129  10:58  Drone x7  
  129  10:59  Drone  
  129  11:00  Drone  
  138  11:05  Zerg Flyer Weapons Level 1  
  138  11:07  Zergling x2  
  138  11:08  Zergling x4  
  138  11:09  Zergling x2  
  142  11:21  Mutalisk x6  
  146  11:29  Mutalisk x8  
  162  11:36  Mutalisk x3  
  162  11:39  Overseer  
  168  11:41  Overlord x2  
  168  11:42  Overlord x2  
  166  12:08  Zerg Ground Armor Level 3, Zerg Melee Weapons Level 3, Ultralisk Cavern  
  165  12:10  Zergling x4  
  165  12:11  Zergling x26  
  180  12:22  Drone x4  
  184  12:24  Drone x3  
  184  12:25  Drone x3  
  190  12:31  Overlord  
  190  12:33  Extractor  
  190  12:34  Extractor  
  186  12:59  Overlord  
  186  13:00  Chitinous Plating  
  186  13:01  Ultralisk x2  
  175  13:26  Ultralisk x3  
  162  13:29  Zergling x2  
  162  13:30  Zergling x32  
  179  13:39  Ultralisk  
  179  13:40  Zergling x4  
  187  13:48  Ultralisk  
  189  14:03  Zergling x20  
  168  14:19  Zergling x14  
  164  14:29  Zergling x12  
  128  14:37  Ultralisk x4  
  140  14:58  Ultralisk x3  
  148  15:00  Zergling x14  
  148  15:01  Overseer x4  
  154  15:11  Zergling x2  
  154  15:12  Zergling x6  
  158  15:16  Baneling x8  
  158  15:17  Zergling x10  
  158  15:19  Zergling x2  
  164  15:21  Anabolic Synthesis  
  164  15:23  Zergling x2  
  158  15:37  Zergling x10  
  129  15:50  Zergling x4  
  129  15:51  Zergling x12  
  126  15:57  Zergling x4  
  126  16:01  Zergling x2  
  126  16:03  Zergling x2  
  123  16:05  Zergling x2  
  123  16:09  Zergling x4  
  126  16:12  Zergling x2  
  126  16:14  Adrenal Glands  
  126  16:19  Zergling x4  
  123  16:31  Zergling x20  
  125  16:35  Mutalisk  
  122  16:40  Mutalisk  
  122  16:44  Mutalisk  
  122  16:45  Mutalisk x2  
  120  16:51  Mutalisk  
  120  16:52  Mutalisk  
  120  16:53  Mutalisk x6  
  127  16:58  Mutalisk  
  128  17:07  Spawning Pool  
  118  17:09  Mutalisk  
  118  17:10  Mutalisk x3  
  105  17:31  Zergling x24  
Show
View Real Time Build Order
Export as new Build Order

Warthog Terran - Winner!

Build Orders: Liberator Opening, Reaper Expand 

Get SALT Encoding   

  12  0:00  SCV  
  13  0:12  SCV  
  14  0:16  Supply Depot  
  14  0:24  SCV  
  15  0:38  SCV  
  15  0:42  Barracks  
  16  0:45  Refinery  
  16  0:50  SCV  
  17  1:02  SCV  
  18  1:15  SCV  
  19  1:30  Orbital Command  
  19  1:31  Reaper  
  20  1:45  Command Center  
  20  1:56  SCV  
  20  1:57  Supply Depot  
  21  2:02  Marine  
  22  2:12  SCV  
  22  2:14  Factory  
  23  2:18  Refinery  
  23  2:24  SCV  
  23  2:25  Barracks Reactor  
  24  2:36  SCV  
  25  2:48  SCV  
  26  2:58  Starport  
  26  3:07  Orbital Command  
  26  3:09  Hellion x2  
  30  3:12  Barracks Tech Lab  
  30  3:14  SCV  
  31  3:30  Hellion x2, SCV  
  36  3:37  SCV  
  36  3:38  Liberator  
  40  3:43  SCV  
  41  3:49  Supply Depot, SCV  
  41  3:55  SCV  
  43  4:01  SCV  
  44  4:05  Command Center  
  44  4:08  SCV  
  45  4:12  Supply Depot  
  45  4:13  Supply Depot  
  45  4:17  SCV  
  45  4:20  SCV  
  45  4:26  Liberator, Hellion, Marauder  
  45  4:27  Hellion  
  54  4:34  SCV  
  55  4:39  Bunker  
  55  4:42  Bunker  
  55  4:45  SCV  
  56  4:47  Marauder  
  56  4:48  Hellion x2  
  56  4:51  SCV  
  62  4:57  SCV  
  63  5:05  SCV  
  64  5:09  Hellion  
  66  5:17  SCV  
  66  5:21  Command Center, Stimpack, Starport Reactor  
  67  5:22  Barracks  
  67  5:25  Barracks  
  67  5:33  SCV  
  66  5:38  SCV  
  67  5:43  Engineering Bay  
  67  5:44  Engineering Bay  
  67  5:45  SCV  
  67  5:48  Refinery x2  
  68  5:50  SCV  
  68  5:56  Factory Tech Lab  
  69  6:02  SCV  
  70  6:12  SCV  
  62  6:19  SCV  
  62  6:20  Terran Infantry Armor Level 1, Terran Infantry Weapons Level 1  
  62  6:25  Barracks Reactor  
  53  6:26  Barracks  
  53  6:28  SCV, Barracks  
  53  6:31  SCV  
  53  6:32  Starport Reactor  
  53  6:37  Marine x2  
  53  6:38  Marine  
  53  6:40  SCV  
  53  6:46  SCV  
  55  6:49  Marine x2  
  55  6:51  Siege Tank  
  55  6:52  SCV  
  61  6:55  Marine  
  61  7:01  Combat Shield  
  55  7:02  Marine x2  
  55  7:07  Marine x2  
  55  7:08  SCV  
  56  7:15  Marine  
  56  7:16  Marine  
  56  7:22  Orbital Command  
  57  7:23  Siege Tank  
  57  7:32  Orbital Command  
  57  7:39  Marine x3  
  57  7:40  Barracks Reactor  
  57  7:43  SCV x2  
  61  7:51  Marine  
  64  7:55  SCV x2, Siege Tank  
  68  7:59  SCV  
  68  8:01  Medivac  
  68  8:02  Medivac, Marine x3  
  68  8:04  Barracks Reactor  
  75  8:07  SCV x2  
  75  8:11  SCV, Armory  
  78  8:19  SCV  
  79  8:25  Missile Turret  
  79  8:27  Widow Mine  
  81  8:35  Supply Depot, SCV  
  81  8:36  Supply Depot  
  82  8:46  Marauder, Marine  
  82  8:47  Concussive Shells  
  85  8:55  Barracks, Factory  
  85  8:56  Barracks  
  85  8:57  Barracks, Medivac x2, Siege Tank, Marine x5  
  85  9:01  SCV x3  
  100  9:03  Terran Infantry Weapons Level 2  
  100  9:04  Terran Infantry Armor Level 2  
  100  9:19  SCV  
  100  9:23  Terran Vehicle And Ship Armor Level 1  
  101  9:27  SCV  
  101  9:28  SCV  
  101  9:30  Siege Tank  
  101  9:32  SCV  
  97  9:49  Marauder, Marine x2  
  97  9:50  Barracks Tech Lab x2, Factory Reactor  
  97  9:51  Barracks Tech Lab  
  101  10:07  Command Center  
  101  10:12  Refinery  
  101  10:15  Refinery  
  101  10:25  Supply Depot, Marine x4  
  101  10:26  Supply Depot, SCV x2, Marauder x3, Marine x4  
  101  10:28  Supply Depot, Drilling Claws  
  117  10:30  Marine  
  117  10:32  Widow Mine x2  
  117  10:33  Widow Mine  
  112  10:43  Marine x3  
  112  10:44  Marauder  
  112  10:47  Marauder, Marine x4  
  112  10:48  Marauder x2, Marine  
  128  10:51  Supply Depot  
  128  10:53  Widow Mine  
  128  10:55  Widow Mine  
  132  11:01  Marine x3  
  135  11:04  Marine x4  
  135  11:05  Marauder  
  141  11:12  Marine x3  
  141  11:13  Marauder  
  141  11:15  Supply Depot  
  141  11:16  Supply Depot  
  146  11:18  Supply Depot  
  146  11:19  Marine x3  
  146  11:22  Marine x4  
  151  11:27  Marauder  
  151  11:31  Marauder x2  
  157  11:34  Marine  
  157  11:35  Marauder  
  157  11:36  Terran Vehicle And Ship Armor Level 2  
  157  11:39  Supply Depot x2  
  160  11:40  SCV x2  
  160  11:42  Supply Depot  
  160  11:43  SCV  
  163  11:47  Planetary Fortress  
  163  11:52  SCV x2  
  165  11:56  SCV  
  165  12:00  Missile Turret  
  166  12:02  Supply Depot, Missile Turret  
  166  12:04  SCV x2, Missile Turret  
  166  12:08  SCV, Missile Turret  
  169  12:09  Missile Turret  
  169  12:10  Missile Turret, Marine x5  
  174  12:16  SCV, Widow Mine x3  
  174  12:17  Medivac  
  174  12:18  Missile Turret  
  183  12:22  Terran Infantry Weapons Level 3  
  183  12:27  Terran Infantry Armor Level 3  
  183  12:39  Medivac  
  183  12:40  Widow Mine x2  
  183  12:41  Widow Mine  
  191  12:47  Medivac  
  191  12:48  Marauder, Marine x2  
  195  12:56  Marauder, Marine  
  196  13:02  Widow Mine x2  
  200  13:18  Marine x6  
  200  13:19  Marine  
  197  13:20  Medivac, Widow Mine  
  197  13:21  Marine x3  
  197  13:23  Widow Mine x2  
  185  13:28  Marauder, Marine  
  188  13:36  Marine x2  
  190  13:41  Thor, Command Center  
  190  13:44  Command Center  
  190  13:47  Command Center  
  196  13:49  Command Center  
  196  14:09  Widow Mine x2, Marine  
  196  14:26  Marauder x2  
  196  14:27  Marauder x2  
  194  14:34  Marine x3  
  194  14:36  Marine  
  194  14:37  Medivac x2  
  199  14:57  Marine x2  
  199  14:58  Marauder  
  200  15:02  Orbital Command x4  
  200  15:07  Terran Vehicle And Ship Armor Level 3  
  200  15:09  Hi-Sec Auto Tracking, Neosteel Armor  
  200  15:15  Command Center  
  200  15:27  Command Center  
  172  16:01  Marauder, Marine x2  
  166  16:05  Widow Mine x2  
  170  16:20  Widow Mine  
  170  16:21  Medivac  
  170  16:22  Medivac  
  170  16:23  Marauder, Marine  
  179  16:26  Widow Mine x2  
  179  16:33  Marauder, Marine x2  
  179  16:37  Planetary Fortress  
  179  16:38  Planetary Fortress  
  183  16:41  Thor  
  183  16:47  Marauder, Marine  
  184  16:51  Liberator x2  
  186  16:57  Marauder, Marine x2  
  190  17:07  Widow Mine x2, Marauder, Marine x2  
  197  17:10  Command Center  
  194  17:25  Widow Mine  
  194  17:27  Command Center  
  194  17:29  Widow Mine  
  198  17:30  Widow Mine, Marauder  
Tags
 
Add a new tag
Caveats
  • Supply blocks, unpowered buildings, or Contaminate may cause inaccurate times.
  • Supply counts are checked every 10 seconds.